 Dungeon Crawl Stone Soup version 0.27.1 (webtiles) character file.

Game seed: 4827462273479083835

5 nxtlvl the Ruffian (level 1, -16/22 HPs)
             Began as a Troll Abyssal Knight on Sept 4, 2021.
             Was a Follower of Lugonu.
             Collided with a rock wall (18 damage)
             ... caused by a wretched star
             ... on level 2 of the Abyss.
             The game lasted 00:01:39 (140 turns).

nxtlvl the Ruffian (Troll Abyssal Knight)            Turns: 140, Time: 00:01:40

Health: -16/22     AC:  4    Str: 19    XL:     1   Next: 66%
Magic:  1/1        EV:  9    Int:  8    God:    Lugonu [*.....]
Gold:   8          SH:  0    Dex:  9    Spells: 0/0 levels left

rFire    . . .     SeeInvis .     - Unarmed
rCold    . . .     Faith    .   (no shield)
rNeg     . . .     Spirit   .   a - +0 robe
rPois    .         Reflect  .   (helmet restricted)
rElec    .         Harm     .   (no cloak)
rCorr    .         Rampage  .   (gloves unavailable)
Will     .....                  (boots unavailable)
Stlth    +.........             (no amulet)
HPRegen  1.07/turn              (no ring)
MPRegen  0.07/turn              (no ring)

@: no status effects
A: large, unfitting armour, claws 3, regeneration 1, shaggy fur 1, tough skin 1
a: Renounce Religion, Depart the Abyss


You were on level 2 of the Abyss.
You worshipped Lugonu.
Lugonu was aware of your devotion.
You visited 0 branches of the dungeon, and saw 0 of its levels.
You visited the Abyss 1 time.

You collected 8 gold pieces.

Inventory:

Armour
 a - a +0 robe (worn)
Scrolls
 b - a scroll of noise {unknown}


   Skills:
 - Level 2.4 Fighting
 - Level 1.9 Dodging
 * Level 2.5 Unarmed Combat
 - Level 1.5 Invocations


You couldn't memorise any spells.
You didn't know any spells.
Your spell library contained the following spells:

 Spells                   Type           Power      Damage    Failure   Level
 Slow                     Hex            0%         N/A       54%         2
 Confusing Touch          Hex            0%         N/A       78%         3
 Vampiric Draining        Necr           0%         2d6       78%         3


Dungeon Overview and Level Annotations

Branches:
Dungeon (0/15)

Altars:


Innate Abilities, Weirdness & Mutations

You are too large for most types of armour.
You have claws for hands.
Your natural rate of healing is unusually fast.
You are covered in fur. (AC +1)
You have tough skin. (AC +1)


Message History

Found 18 stones.
You enter the shallow water.
Moving in this stuff is going to be slow.
Found 8 gold pieces.
You now have 8 gold pieces.
Found 8 gold pieces.
Found a pair of gloves.
Found a gateway leading deeper into the Abyss.
There is a gateway leading deeper into the Abyss here.
You plunge deeper into the Abyss.
Found a scroll labelled QOTOSHR HOPOLEC.
Found a book of Debilitation.
b - a scroll labelled QOTOSHR HOPOLEC
Found a robe.
You pick up a book of Debilitation and begin reading...
You add the spells Slow, Vampiric Draining and Confusing Touch to your library.
An ufetubus comes into view.
The ufetubus shouts!
Unknown command.
You miss the ufetubus. The ufetubus hits you. x2
You miss the ufetubus. The ufetubus barely misses you. The ufetubus hits you.
The ufetubus barely misses you. The ufetubus hits you.
You claw the ufetubus!
You kill the ufetubus!
An apocalypse crab comes into view.
An efreet comes into view.
It is wielding a +4 scimitar of flaming.
A wretched star comes into view.
Found 19 stones.
The wretched star glows turbulently.
The lance of force misses you.
Okay, then.
Found 11 gold pieces.
The wretched star glows turbulently.
The lance of force hits you!!
Ouch! That really hurt!
* * * LOW HITPOINT WARNING * * *
You are knocked back by the lance of force.
You slam into the rock wall!
Ouch! That really hurt!
You die...

...# ...#..# #.. #.
.#..##.## #.
...#.#...#..# #
.#... .# # ...##.#
.( #######.#..R○#
#...#..*##.#.#.##...
........#..#.#..###
.
#$##..#@.##.#..#..#
###.###.#.# ### #.#
##.##### #. t # #
###


You could see a wretched star.

Vanquished Creatures
  An ufetubus (Abyss:2)
1 creature vanquished.

Vanquished Creatures (others)
  3 demonic plants (Abyss:2)
3 creatures vanquished.

Grand Total: 4 creatures vanquished

Notes
Turn   | Place    | Note
-------+----------+-------------------------------------------
     0 | Abyss:1  | nxtlvl the Troll Abyssal Knight began the quest for the
                  | Orb.
     0 | Abyss:1  | Reached XP level 1. HP: 22/22 MP: 1/1
    86 | Abyss:2  | Noticed a ynoxinul
   135 | Abyss:2  | Noticed an apocalypse crab
   135 | Abyss:2  | Noticed an efreet
   139 | Abyss:2  | Noticed a wretched star
   140 | Abyss:2  | Collided with a rock wall

Illustrated notes

Levels and vault maps discovered:
Abyss:2:  base: Temple, evilmike_abyss_exit_plants, evilmike_abyss_exit_2

Action                   || total
-------------------------++-------
Melee: Unarmed           ||     3
Dodge: Dodged            ||     3
